 Dungeon Crawl Stone Soup version 0.31-a0-889-g1a8549509d (webtiles) character file.

Game seed: 493905260498066617

404 MachoJfn the Chopper (level 6, -2/70 HPs)
             Began as a Demonspawn Gladiator on Oct 16, 2023.
             Was a Believer of Nemelex Xobeh.
             Slain by dragonking145's ghost (12 damage)
             ... on level 4 of the Dungeon.
             The game lasted 00:09:32 (3270 turns).

MachoJfn the Chopper (Demonspawn Gladiator)         Turns: 3270, Time: 00:09:32

Health: -2/70      AC: 10    Str: 16    XL:     6   Next: 56%
Magic:  7/7        EV: 11    Int:  9    God:    Nemelex Xobeh [**....]
Gold:   78         SH:  0    Dex: 15    Spells: 5/5 levels left

rFire   . . .        a - +0 war axe
rCold   . . .        o - orb {*Rage}
rNeg    . . .        l - +0 scale mail
rPois   .            (helmet restricted)
rElec   .            m - +0 cloak
rCorr   .            (no gloves)
SInv    .            i - +2 pair of boots
Will    .....        (no amulet) Stlth
                     (no ring)
HPRegen 0.31/turn    (no ring)
MPRegen 0.10/turn

%: random rage (20%)
@: berserking (expiring), very quick
A: antennae 1, powered by death 1, sturdy frame 1
a: Renounce Religion, Draw Escape, Draw Destruction, Draw Summoning


You were on level 4 of the Dungeon.
You worshipped Nemelex Xobeh.
Nemelex Xobeh was pleased with you.
You visited 1 branch of the dungeon, and saw 4 of its levels.

You collected 221 gold pieces.
You spent 143 gold pieces at shops.

Inventory:

Hand Weapons
 a - a +0 war axe (weapon)
 c - a +3 quarterstaff of chaos
 h - a +2 dagger of draining
 k - a +2 dagger of venom
Missiles
 d - 3 throwing nets (quivered)
 e - 3 javelins
 f - 34 stones
 p - 6 poisoned darts
Armour
 i - a +2 pair of boots (worn)
 l - a +0 scale mail (worn)
 m - a +0 cloak (worn)
 o - an orb of wrath (worn)
 s - an orb of light
Wands
 n - a wand of flame (11)
Scrolls
 g - 4 scrolls of teleportation
 r - a scroll of torment {unknown}
Potions
 b - a potion of curing
 j - a potion of invisibility
 q - a potion of experience {unknown}


   Skills:
 + Level 3.0 Fighting
 + Level 5.2 Axes
 - Level 1.7 Throwing
 + Level 2.0 Armour
 + Level 3.3 Dodging
 + Level 0.4 Stealth
 * Level 2.5 Invocations


You had 5 spell levels left.
You didn't know any spells.
Your spell library contained the following spells:

 Spells                   Type           Power      Damage    Failure   Level
 Apportation              Tloc           0%         N/A       67%         1
 Foxfire                  Conj/Fire      0%         2x1d4     67%         1
 Necrotise                Necr           0%         1d4       67%         1
 Summon Small Mammal      Summ           0%         N/A       67%         1
 Wereblood                Tmut           0%         N/A       80%         2
 Irradiate                Conj/Tmut      0%         3d11      100%        5
 Plasma Beam              Fire/Air       0%         2x1d10    100%        6
 Starburst                Conj/Fire      0%         6d3       100%        6


Dungeon Overview and Level Annotations

Branches:
Dungeon (4/15)
 Temple: D:4-7

Altars:
Nemelex Xobeh

Shops:
D:1 ?   D:2 *

Annotations:
D:4 dragonking145's ghost, amateur GrFi


Innate Abilities, Weirdness & Mutations

You have a pair of small antennae on your head.
You regenerate a little health from kills.
Your movements are slightly less encumbered by armour. (ER -2)


Message History

Dragonking145's ghost hits you! Dragonking145's ghost freezes you.
You barely miss dragonking145's ghost.
Dragonking145's ghost is heavily damaged.
Dragonking145's ghost hits you. Dragonking145's ghost freezes you.
You hit dragonking145's ghost but do no damage.
Dragonking145's ghost is heavily damaged.
Dragonking145's ghost hits you. Dragonking145's ghost freezes you.
You barely miss dragonking145's ghost.
Dragonking145's ghost is heavily damaged.
You completely miss dragonking145's ghost.
Dragonking145's ghost is heavily damaged.
Dragonking145's ghost hits you! Dragonking145's ghost freezes you.
You hit dragonking145's ghost.
Dragonking145's ghost is heavily damaged.
Dragonking145's ghost closely misses you.
You hit dragonking145's ghost.
Dragonking145's ghost is heavily damaged.
Dragonking145's ghost hits you.
* * * LOW HITPOINT WARNING * * *
Dragonking145's ghost freezes you.
* * * LOW HITPOINT WARNING * * *
You hit dragonking145's ghost but do no damage.
Dragonking145's ghost is heavily damaged.
Dragonking145's ghost closely misses you.
You barely miss dragonking145's ghost.
Dragonking145's ghost is heavily damaged.
You hit dragonking145's ghost but do no damage.
Dragonking145's ghost is heavily damaged.
Dragonking145's ghost hits you but does no damage.
You closely miss dragonking145's ghost.
Dragonking145's ghost is heavily damaged.
Dragonking145's ghost hits you!
* * * LOW HITPOINT WARNING * * *
Dragonking145's ghost freezes you.
* * * LOW HITPOINT WARNING * * *
You hit dragonking145's ghost.
Dragonking145's ghost is severely damaged.
Dragonking145's ghost hits you!
You die...
Your body glows slightly and disappears.

.....................# #.....#
...[.................#####)....##
.................................
....#'############'##............
....#....<.......#..#............
....#............#..#............
....#..###.##########..........##
...##..###'####..#.P#..........##
.).#.......##...@W?8#.....####.+.
...'.......##.#..#.P#.....# ####
...#+#####'##.#######.....# ###
..........................# #.+
..........................## #.#
.................##+###....####.#
.................# #....#..#..
............###'## #....+..+..
........#####...#######....#'##..


You could see dragonking145's ghost.

Vanquished Creatures
  A water moccasin (D:4)
  An ogre (D:4)
  A scorpion (D:4)
  A hound (D:4)
  Crazy Yiuf (D:3)
  2 adders
  2 worms (D:3)
  2 dart slugs
  7 orcs
  8 ball pythons
  11 endoplasms
  A giant cockroach (D:4)
  6 goblins
  6 hobgoblins
  6 jackals
  3 kobolds
  3 quokkas (D:1)
  5 bats
  3 frilled lizards
  4 rats (D:1)
74 creatures vanquished.

Notes
Turn   | Place    | Note
-------+----------+-------------------------------------------
     0 | D:1      | MachoJfn the Demonspawn Gladiator began the quest for the
                  | Orb.
     0 | D:1      | Reached XP level 1. HP: 16/16 MP: 1/1
    71 | D:1      | Reached skill level 3 in Axes
   144 | D:1      | Gained mutation: Your movements are slightly less
                  | encumbered by armour. (ER -2) [demonic ancestry]
   144 | D:1      | Reached XP level 2. HP: 17/22 MP: 2/2
   340 | D:1      | Found Bumugese's Magic Scroll Boutique.
   428 | D:1      | Gained mutation: You have a pair of small antennae on your
                  | head. [demonic ancestry]
   428 | D:1      | Reached XP level 3. HP: 24/26 MP: 3/3
   914 | D:2      | Found Vyhuixoy's General Store.
  1118 | D:2      | Found a sparkling altar of Nemelex Xobeh.
  1135 | D:2      | Became a worshipper of Nemelex Xobeh the Trickster
  1350 | D:2      | Found a faded altar of an unknown god.
  1529 | D:3      | Reached XP level 4. HP: 20/34 MP: 4/4
  1938 | D:3      | Reached skill level 4 in Axes
  2122 | D:3      | Reached * piety under Nemelex Xobeh
  2145 | D:3      | Found a runed translucent door.
  2146 | D:3      | Noticed Crazy Yiuf
  2154 | D:3      | Killed Crazy Yiuf
  2362 | D:2      | Bought an orb of wrath for 143 gold pieces
  2540 | D:4      | Received a gift from Nemelex Xobeh
  2797 | D:4      | Noticed an ogre
  2799 | D:4      | Killed an ogre
  2800 | D:4      | Reached skill level 1 in Armour
  2800 | D:4      | Reached skill level 1 in Invocations
  2800 | D:4      | Reached XP level 5. HP: 39/39 MP: 5/5
  2830 | D:4      | Noticed a water moccasin
  2837 | D:4      | Killed a water moccasin
  2838 | D:4      | Reached skill level 5 in Axes
  2838 | D:4      | Gained mutation: You regenerate a little health from kills.
                  | [demonic ancestry]
  2838 | D:4      | Reached XP level 6. HP: 41/46 MP: 5/7
  3125 | D:4      | Reached ** piety under Nemelex Xobeh
  3250 | D:4      | Found a runed translucent door.
  3250 | D:4      | Noticed dragonking145's ghost (amateur GrFi)
  3270 | D:4      | Slain by dragonking145's ghost

Illustrated notes

Levels and vault maps discovered:
D:1:      dpeg_arrival_rhombus, layout_loops_ring, serial_shops, shop
D:2:      layout_rooms, basic_altar, hellmonk_ecumenical_altar_defaced_shrine,
          serial_shops, nicolae_shop_statue_plus, st_stairs_6
D:3:      layout_rooms, uniq_crazy_yiuf_cottage
D:4:      layout_gridville, gammafunk_ghost_grave, kennysheep_nondescript,
          st_stairs_4

Skill      XL: |  1  2  3  4  5  6 |
---------------+-------------------+-----
Axes           | 3 4 5 |  5.2
Dodging        | 3 |  3.3
Armour         | 1 2 |  2.0
Invocations    | 1 2 |  2.5
Fighting       | 3 |  3.0
Throwing       | |  1.7
Stealth        | |  0.4

Action                     |  1- 3 |  4- 6 || total
---------------------------+-------+-------++-------
  Melee: War axe           |   147 |    80 ||   227
         Punch             |       |     1 ||     1
 Invoke: Draw Destruction  |       |     1 ||     1
    Use: Potion            |     1 |       ||     1
         Scroll            |     1 |     4 ||     5
   Stab: Sleeping          |     1 |       ||     1
 Armour: Leather armour    |    78 |       ||    78
         Scale mail        |    13 |    63 ||    76
  Dodge: Dodged            |   127 |    40 ||   167

Table legend: (Time is in decaauts)
 A = Elapsed time spent in this place.
 B = Non-inter-level travel time spent in this place.
 C = Inter-level travel time spent in this place.
 D = Time resting spent in this place.
 E = Time spent auto-exploring this place.
 F = Levels seen in this place.
 G = Mean time per level.
                   A        B        C        D        E       F      G
               +--------+--------+--------+--------+--------+-----+--------+
         Total |   3389 |   3026 |    363 |    617 |   1713 |   4 |  847.2 |
       Dungeon |   3389 |   3026 |    363 |    617 |   1713 |   4 |  847.2 |
               +--------+--------+--------+--------+--------+-----+--------+

Top non-repeatable levels by time:
     D:3: 914 daAuts
     D:1: 839 daAuts
     D:4: 838 daAuts
     D:2: 797 daAuts
